Map: Frozen Temple

Players

puCK (Nina) - Winner!

  • Race: Protoss Protoss
  • League: Grandmaster

EJK

  • Race: Terran Terran
  • League: Grandmaster

Event: Team Gravity's Fight Night #40

VOD

Have the link to the VOD?

Description

Time

  • Played on: April 10, 2016, 7:54 p.m.
  • Length: 9:54

All games in this series

Show
View Real Time Build Order
Export as new Build Order

puCK Protoss - Winner!

Build Orders: 1 Gate Expand 

Get SALT Encoding   

  12  0:01  Probe (Chrono Boost)  
  13  0:12  Probe (Chrono Boost)  
  14  0:18  Pylon  
  14  0:22  Probe (Chrono Boost)  
  15  0:36  Probe (Chrono Boost)  
  15  0:37  Gateway  
  16  0:45  Assimilator  
  16  0:46  Probe (Chrono Boost)  
  17  0:57  Probe (Chrono Boost)  
  18  1:08  Probe (Chrono Boost)  
  19  1:20  Nexus  
  19  1:24  Probe (Chrono Boost)  
  20  1:33  Cybernetics Core  
  20  1:36  Probe (Chrono Boost)  
  21  1:45  Assimilator  
  22  1:47  Probe (Chrono Boost)  
  22  1:52  Pylon  
  22  1:58  Probe (Chrono Boost)  
  23  2:13  Mothership Core (Chrono Boost)  
  25  2:17  Adept  
  27  2:28  Warp Gate  
  27  2:31  Probe (Chrono Boost)  
  27  2:33  Probe (Chrono Boost)  
  29  2:42  Probe (Chrono Boost)  
  29  2:43  Probe (Chrono Boost)  
  31  2:49  Adept  
  33  2:52  Probe (Chrono Boost)  
  33  2:54  Probe (Chrono Boost)  
  33  2:56  Robotics Facility  
  35  3:03  Probe (Chrono Boost)  
  35  3:04  Probe (Chrono Boost)  
  37  3:07  Assimilator  
  37  3:13  Probe (Chrono Boost)  
  37  3:15  Probe (Chrono Boost)  
  37  3:16  Adept  
  41  3:24  Probe (Chrono Boost)  
  41  3:25  Probe (Chrono Boost)  
  43  3:28  Pylon  
  43  3:34  Probe (Chrono Boost), Gateway  
  43  3:36  Probe (Chrono Boost)  
  45  3:45  Observer  
  45  3:47  Probe (Chrono Boost), Robotics Bay  
  47  3:50  Probe (Chrono Boost)  
  47  3:54  Gateway  
  46  3:57  Probe (Chrono Boost)  
  46  4:00  Probe (Chrono Boost)  
  47  4:08  Probe (Chrono Boost)  
  47  4:09  Probe (Chrono Boost)  
  48  4:11  Twilight Council  
  48  4:12  Warp Prism (Chrono Boost)  
  51  4:19  Probe  
  51  4:23  Pylon  
  52  4:33  Pylon  
  52  4:34  Assimilator  
  52  4:36  Adept  
  52  4:38  Gravitic Drive  
  54  4:40  Probe  
  54  4:41  Probe  
  54  4:43  Pylon  
  56  4:50  Stalker  
  56  4:51  Blink (Chrono Boost)  
  57  4:55  Disruptor (Chrono Boost)  
  57  4:59  Probe  
  61  5:02  Stalker  
  61  5:05  Probe  
  64  5:11  Probe  
  65  5:16  Probe  
  66  5:23  Stalker  
  66  5:25  Stalker  
  70  5:30  Nexus, Stalker  
  70  5:34  Disruptor  
  75  5:51  Probe  
  75  5:52  Probe  
  75  5:55  Gateway  
  77  5:59  Gateway  
  77  6:01  Gateway  
  77  6:05  Pylon x2  
  77  6:08  Pylon  
  77  6:28  Stalker x2  
  77  6:29  Stalker  
  77  6:30  Disruptor  
  86  6:36  Forge  
  86  6:48  Pylon  
  86  6:52  Pylon  
  86  6:54  Stalker x2  
  86  6:55  Stalker  
  86  6:58  Resonating Glaives (Chrono Boost)  
  86  7:00  Probe  
  93  7:01  Probe  
  93  7:07  Pylon  
  94  7:13  Stalker x3  
  101  7:15  Probe  
  101  7:16  Protoss Ground Weapons Level 1 (Chrono Boost)  
  101  7:17  Immortal  
  101  7:20  Probe x2  
  107  7:29  Gateway  
  107  7:30  Gateway  
  107  7:36  Stalker  
  107  7:37  Stalker x2  
  113  7:46  Probe  
  113  7:48  Probe  
  115  7:52  Stalker x3  
  115  7:56  Disruptor  
  113  8:25  Stalker x5  
  113  8:26  Stalker  
  119  8:31  Warp Prism  
  118  8:52  Stalker  
  118  8:53  Stalker x5  
  124  8:57  Assimilator x2  
  118  9:07  Disruptor  
  118  9:08  Stalker x2  
  113  9:24  Stalker x5  
  101  9:34  Stalker  
  101  9:35  Adept  
Show
View Real Time Build Order
Export as new Build Order

EJK Terran 

Build Orders: MMM Bio 

Get SALT Encoding   

  12  0:00  SCV  
  13  0:13  SCV  
  14  0:18  Supply Depot  
  14  0:25  SCV  
  15  0:40  SCV  
  15  0:41  Barracks  
  16  0:45  Refinery  
  16  0:52  SCV  
  18  1:04  SCV  
  18  1:16  SCV  
  19  1:29  Orbital Command, Barracks Reactor  
  19  1:41  Command Center  
  19  1:56  Supply Depot  
  19  1:57  SCV  
  20  2:09  SCV  
  20  2:13  Marine x2  
  23  2:19  Factory  
  23  2:23  SCV  
  24  2:31  Marine x2  
  24  2:35  SCV  
  27  2:48  SCV  
  27  2:49  Marine x2  
  30  3:01  SCV  
  30  3:04  Starport  
  31  3:12  Orbital Command  
  31  3:13  SCV, Hellion x2  
  31  3:17  Marine  
  37  3:24  Refinery  
  37  3:25  SCV  
  38  3:34  Hellion x2  
  38  3:37  Barracks Tech Lab  
  38  3:39  SCV x2  
  44  3:45  Medivac  
  46  3:56  Supply Depot  
  46  4:03  SCV x2  
  46  4:08  Marine x2  
  46  4:12  Barracks  
  46  4:13  Barracks  
  46  4:18  SCV, Cyclone  
  50  4:28  Marine x2  
  50  4:29  SCV  
  51  4:32  Refinery  
  51  4:34  Bunker  
  51  4:35  SCV  
  52  4:43  SCV  
  53  4:47  SCV  
  53  4:50  Marine x2  
  54  5:01  Barracks, Supply Depot  
  54  5:03  Barracks  
  54  5:12  SCV  
  54  5:13  SCV  
  54  5:20  Barracks Tech Lab x2  
  52  5:23  Siege Tank  
  52  5:24  SCV  
  52  5:25  SCV  
  57  5:28  Starport Reactor  
  57  5:36  SCV  
  57  5:37  SCV  
  57  5:39  Combat Shields  
  57  5:40  Stimpack, Engineering Bay, Supply Depot  
  59  5:43  Marauder  
  59  5:44  Marine  
  62  5:51  SCV  
  62  5:52  Barracks Tech Lab  
  62  5:53  Barracks Reactor  
  62  6:01  Siege Tank, SCV, Marine, Refinery  
  62  6:02  Marauder  
  62  6:03  Supply Depot  
  69  6:06  Medivac  
  69  6:08  Supply Depot  
  69  6:09  SCV  
  72  6:13  SCV, Marine x2  
  72  6:14  Medivac, Marine  
  74  6:22  SCV  
  74  6:26  SCV  
  74  6:31  Missile Turret  
  74  6:33  Siege Tank  
  74  6:34  SCV  
  74  6:37  Marine x2  
  74  6:38  SCV, Marine  
  82  6:41  Marine  
  82  6:46  SCV  
  84  6:50  Medivac, SCV  
  87  6:55  Marauder x2  
  87  6:58  Marine x2  
  87  6:59  Marine  
  94  7:07  Terran Infantry Weapons Level 1  
  94  7:08  Supply Depot  
  93  7:23  Medivac, Supply Depot, Siege Tank  
  93  7:24  Marauder x2  
  93  7:27  Marine  
  93  7:29  Marine  
  105  7:30  Marauder  
  105  7:42  Medivac  
  107  7:45  Marine x3  
  107  7:46  Marauder, Marine  
  113  7:53  Supply Depot  
  111  8:09  Marauder x2  
  111  8:10  Marauder  
  117  8:12  Siege Tank  
  117  8:13  Marine  
  117  8:14  Medivac, Marine x3  
  120  8:24  Concussive Shells  
  117  8:31  Marauder x2  
  121  8:41  Marine x2  
  92  8:45  Marine x2, Siege Tank  
  90  8:53  Marauder x2  
  92  8:55  Marine  
  92  8:59  Marine x2  
  92  9:01  Supply Depot  
  85  9:05  Marine x2  
  85  9:09  SCV  
  77  9:14  Marauder, SCV  
  77  9:15  Marauder  
  71  9:21  SCV  
  54  9:27  SCV  
  54  9:29  Marine  
  49  9:32  Marine  
  49  9:33  SCV  

Tags
 
Add a new tag
Caveats
  • Supply blocks, unpowered buildings, or Contaminate may cause inaccurate times.
  • Supply counts are checked every 10 seconds.